 Dungeon Crawl Stone Soup version 0.31-a0-841-g038b102fc3 (webtiles) character file.

Game seed: 9480588151214308729

65 CraigForest the Slasher (level 4, -1/37 HPs)
             Began as a Formicid Monk on Sept 27, 2023.
             Slain by a goblin
             ... wielding a +0 club
             ... led by Robin
              (3 damage)
             ... on level 2 of the Dungeon.
             The game lasted 00:03:36 (1110 turns).

CraigForest the Slasher (Formicid Monk)             Turns: 1110, Time: 00:03:37

Health: -1/37      AC:  5    Str: 15    XL:     4   Next: 35%
Magic:  4/4        EV: 12    Int: 10    God:
Gold:   104        SH:  0    Dex: 18    Spells: 3/3 levels left

rFire   . . .        a - +0 falchion
rCold   . . .        d - orb {light}
rNeg    . . .        c - +0 ring mail
rPois   .            (helmet unavailable)
rElec   .            (no cloak)
rCorr   .            (no gloves)
SInv    +            (no boots)
Will    .....        (no amulet)
Stlth   +            (no ring)
HPRegen 0.26/turn    (no ring)
MPRegen 0.09/turn

%: no passive effects
@: glowing
A: permanent stasis, dig shafts and tunnels, antennae 3, four strong arms
a: Dig, Shaft Self


You were on level 2 of the Dungeon.
You visited 1 branch of the dungeon, and saw 2 of its levels.

You collected 104 gold pieces.

Inventory:

Hand Weapons
 a - a +0 falchion (weapon)
 h - a +1 dagger of speed
Armour
 b - a +0 robe
 c - a +0 ring mail (worn)
 d - an orb of light (worn)
 f - a +0 leather armour
Talismans
 k - a flux talisman
Potions
 g - a potion of lignification {unknown}
 j - a potion of haste {unknown}


   Skills:
 + Level 3.8 Fighting
 + Level 3.9 Long Blades
 + Level 1.2 Armour
 + Level 3.1 Dodging


You had 3 spell levels left.
You didn't know any spells.
Your spell library was empty.

Dungeon Overview and Level Annotations

Branches:
Dungeon (2/15)

Altars:

Annotations:
D:2 Robin


Innate Abilities, Weirdness & Mutations

You cannot be hasted, slowed, berserked, paralysed or teleported.
You can dig through walls and to a lower floor.
You have a pair of large antennae on your head. (SInv)
Your four strong arms can wield two-handed weapons with a shield.


Message History

You slash Terence!
You kill Terence!
A goblin comes into view. It is wielding a +0 club.
Your Armour skill increases to level 1!
You have reached level 4!
You feel clever.
You barely miss the hobgoblin. The hobgoblin closely misses you.
Robin throws the goblin at you! The goblin hits you with a +0 club.
You hit the goblin.
The goblin is moderately wounded.
The hobgoblin hits you. The goblin hits you with a +0 club.
* * * LOW HITPOINT WARNING * * *
You hit the goblin.
You kill the goblin!
Robin hits you from afar with a +1 vampiric spear.
* * * LOW HITPOINT WARNING * * *
The hobgoblin barely misses you. Robin misses you.
The hobgoblin hits you but does no damage.
Robin roars a battlecry!
The goblin goes into a battle-frenzy!
Things that are here:
a +0 club; a +0 club; a goblin corpse The hobgoblin no longer looks unusually strong.
The hobgoblin no longer looks unusually strong.
You hit the hobgoblin.
You kill the hobgoblin!
Robin attacks as they pursues you! Robin closely misses you.
Robin attacks as they pursues you!
Robin hits you from afar with a +1 vampiric spear!
* * * LOW HITPOINT WARNING * * *
You feel better. Robin throws the goblin at you!
The goblin hits you with a +0 club.
* * * LOW HITPOINT WARNING * * *
Robin throws the goblin at you!
* * * LOW HITPOINT WARNING * * *
The goblin hits you but does no damage. The goblin barely misses you.
The goblin attacks as it pursues you! The goblin hits you with a +0 club.
* * * LOW HITPOINT WARNING * * *
The goblin hits you with a +0 club.
You die...

#...<.........#
###...........#
#.##..#.......
#.##.......###
#.###.#..#.#
#.###......# ##.
#..........# #..
########.### #.# #.@.#
#.# #gg.# #.# #..g# #.#
#####...##### ##.## #
#.......g.{g###...# {{
............g.))..###{{
#...........###...#....
#####...####.........#,
#...# #.........#


You could see Robin, a hobgoblin and 2 goblins.

Vanquished Creatures
  Terence (D:2)
  A worm (D:2)
  3 dart slugs
  A ball python (D:1)
  2 endoplasms
  A giant cockroach (D:1)
  7 goblins (D:2)
  2 hobgoblins (D:2)
  A bat (D:2)
  2 frilled lizards (D:1)
  6 kobolds (D:1)
  4 rats
31 creatures vanquished.

Notes
Turn   | Place    | Note
-------+----------+-------------------------------------------
     0 | D:1      | CraigForest the Formicid Monk began the quest for the Orb.
     0 | D:1      | Reached XP level 1. HP: 18/18 MP: 1/1
   316 | D:1      | Reached XP level 2. HP: 11/24 MP: 2/2
   996 | D:2      | Reached XP level 3. HP: 29/29 MP: 3/3
  1072 | D:2      | Noticed Terence
  1089 | D:2      | Noticed Robin
  1096 | D:2      | Killed Terence
  1097 | D:2      | Reached skill level 1 in Armour
  1097 | D:2      | Reached XP level 4. HP: 20/37 MP: 4/4
  1106 | D:2      | HP: 1/37 [Robin/+1 vampiric spear (7)]
  1110 | D:2      | Slain by a goblin

Illustrated notes

Levels and vault maps discovered:
D:1:      nagdon_arrival_double_spiral, layout_basic
D:2:      layout_loops_cross, serial_shops, shop,
          chequers_serial_rivers_micro_a, uniq_jessica, uniq_terence, uniq_robin

Skill      XL: |  1  2  3 |
---------------+----------+-----
Dodging        | 3 |  3.1
Armour         | 1 |  1.2
Fighting       | |  3.8
Long Blades    | |  3.9

Action                     |  1- 3 |  4- 6 || total
---------------------------+-------+-------++-------
  Melee: Falchion          |    68 |     4 ||    72
    Use: Potion            |     1 |     1 ||     2
         Scroll            |     1 |       ||     1
 Armour: Leather armour    |    21 |       ||    21
         Robe              |     2 |       ||     2
         Ring mail         |    28 |    13 ||    41
  Dodge: Dodged            |    48 |     5 ||    53

Table legend: (Time is in decaauts)
 A = Elapsed time spent in this place.
 B = Non-inter-level travel time spent in this place.
 C = Inter-level travel time spent in this place.
 D = Time resting spent in this place.
 E = Time spent auto-exploring this place.
 F = Levels seen in this place.
 G = Mean time per level.
                   A        B        C        D        E       F      G
               +--------+--------+--------+--------+--------+-----+--------+
         Total |   1196 |   1125 |     71 |      0 |    880 |   2 |  598.0 |
       Dungeon |   1196 |   1125 |     71 |      0 |    880 |   2 |  598.0 |
               +--------+--------+--------+--------+--------+-----+--------+

Top non-repeatable levels by time:
     D:1: 1074 daAuts
     D:2: 122 daAuts
